 Dungeon Crawl Stone Soup version 0.23.0 (webtiles) character file.

Game seed: 7976297374391171903

98 misha the Covered (level 4, -5/40 HPs)
             Began as a Minotaur Fighter on Feb 17, 2019.
             Killed by nerve-wracking pain
             ... invoked by an orc priest
              (13 damage)
             ... on level 3 of the Dungeon.
             The game lasted 00:06:28 (1905 turns).

misha the Covered (Minotaur Fighter)                Turns: 1905, Time: 00:06:29

Health: -5/40      AC:  7    Str: 22    XL:     4   Next: 44%
Magic:  3/3        EV:  7    Int:  5    God:
Gold:   98         SH:  9    Dex:  9    Spells: 3/3 levels left

rFire    . . .     SeeInvis .   a - +0 flail
rCold    . . .     Gourm    .   c - +0 shield
rNeg     . . .     Faith    .   q - +0 scale mail
rPois    .         Spirit   .   (helmet restricted)
rElec    .         Reflect  .   (no cloak)
rCorr    .         Harm     .   (no gloves)
MR       .....                  (no boots)
Stlth    ..........             (no amulet)
HPRegen  0.13/turn              (no ring)
MPRegen  0.08/turn              (no ring)

@: no status effects
A: retaliatory headbutt, horns 2
a: no special abilities


You were on level 3 of the Dungeon.
You were very hungry.

You visited 1 branch of the dungeon, and saw 3 of its levels.

You collected 98 gold pieces.

Inventory:

Hand Weapons
 a - a +0 flail (weapon)
 b - a +0 hunting sling
 h - a +0 spear
 l - a +0 dagger
 p - a +0 club
 v - a +0 club
 w - a +0 club
 x - a +0 club
 z - a +0 club
Missiles
 i - 2 needles of sleeping
 o - 59 stones (quivered)
 s - 17 arrows
Armour
 c - a +0 shield (worn)
 q - a +0 scale mail (worn)
 y - a +0 robe
Scrolls
 e - a scroll of magic mapping {unknown}
 j - a scroll of fear {unknown}
 k - a scroll of teleportation {unknown}
 n - 2 scrolls of identify {unknown}
Potions
 d - a potion of might
 g - a potion of degeneration {unknown}
 m - 2 potions of brilliance {unknown}
 r - 3 potions of curing {unknown}
 t - a potion of ambrosia {unknown}
 u - a potion of agility {unknown}
Comestibles
 f - 9 rations


   Skills:
 + Level 4.2 Fighting
 + Level 3.8 Maces & Flails
 + Level 4.4 Armour
 + Level 0.5 Dodging
 + Level 0.1 Stealth
 + Level 4.3 Shields


You had 3 spell levels left.
You didn't know any spells.
Your spell library contained the following spells:

 Spells                   Type           Power        Failure   Level  Hunger
 Beastly Appendage        Tmut           #.....       99%         1    ##.....
 Sticks to Snakes         Tmut           #.......     100%        2    ###....
 Spider Form              Tmut/Pois      #.........   100%        3    ####...
 Ice Form                 Ice/Tmut       #.......     100%        4    #####..
 Blade Hands              Tmut           #.........   100%        5    ######.


Dungeon Overview and Level Annotations

Branches:
Dungeon (3/15)

Altars:
Hepliaklqana


Innate Abilities, Weirdness & Mutations

You reflexively headbutt those who attack you in melee.
You have a pair of horns on your head.


Message History

The orc priest hits you but does no damage.
You are too injured to fight recklessly!
You miss the adder.
The adder is heavily wounded.
The adder bites you but does no damage.
The orc priest hits you but does no damage.
The adder bites you but does no damage.
You are too injured to fight recklessly!
You sock the adder!
You kill the adder!
You block the orc priest's attack.
You are too injured to fight recklessly!
You sock the orc priest!
The orc priest is heavily wounded.
The orc priest barely misses you.
You closely miss the orc priest. Your headbutt misses the orc priest.
The orc priest is heavily wounded.
The orc priest mumbles some strange prayers to Beogh against you.
Pain shoots through your body!
You die...

.# .# #.
#####.# .
#.....#
#.####.....#
#.....@....#
.<...##.o...#
####.##.....#
#o####.#.# #.#
#.# # #.# #.#
#####)####.#
#.....o.!..#
#.###)#########


You could see an orc priest.

Vanquished Creatures
  Jessica (D:3)
  A gnoll (D:1)
  3 adders
  A worm (D:2)
  A leopard gecko (D:1)
  An orc (D:3)
  A giant cockroach (D:1)
  7 hobgoblins
  A kobold (D:2)
  4 bats
  4 frilled lizards
  4 goblins
  2 rats (D:2)
31 creatures vanquished.

Notes
Turn   | Place    | Note
-------+----------+-------------------------------------------
     0 | D:1      | misha the Minotaur Fighter began the quest for the Orb.
     0 | D:1      | Reached XP level 1. HP: 19/19 MP: 0/0
   190 | D:1      | Reached XP level 2. HP: 3/27 MP: 1/1
  1442 | D:2      | Reached XP level 3. HP: 29/33 MP: 2/2
  1469 | D:2      | Found a hazy altar of Hepliaklqana.
  1871 | D:3      | Noticed Jessica
  1878 | D:3      | Killed Jessica
  1878 | D:3      | Reached XP level 4. HP: 27/40 MP: 3/3
  1905 | D:3      | Killed from afar by an orc priest

Skill      XL: |  1  2  3 |
---------------+----------+-----
Fighting       | 4 |  4.2
Shields        | 4 |  4.3
Armour         | 4 |  4.4
Maces & Flails | 3 |  3.8
Dodging        | |  0.5
Stealth        | |  0.1

Action                   |  1- 3 |  4- 6 || total
-------------------------+-------+-------++-------
Melee: Flail             |    78 |    11 ||    89
       Headbutt          |    11 |     1 ||    12
  Eat: Chunk             |     2 |       ||     2
Armor: Scale mail        |    38 |     9 ||    47
Dodge: Dodged            |    26 |     7 ||    33
Block: Shield            |    51 |     9 ||    60
